[Event "GambitGuide"]
[Site "Internet Chess Club"]
[Date "2014.10.31"]
[Round "1"]
[White "JSBach"]
[Black "cmcmark"]
[Result "1-0"]
[ICCResult "Black resigns"]
[WhiteElo "1684"]
[BlackElo "1317"]
[Opening "Vienna: `Frankenstein-Dracula' variation"]
[ECO "C27"]
[NIC "VG.02"]
[Time "13:38:00"]
[TimeControl "120+12"]

1. e4 e5 2. Nc3 Nf6 3. Bc4 Nxe4 4. Qh5 Nd6 5. Bb3 Nc6 6. Nb5 g6 7. Qf3 f5 8.
Qd5 Qe7 9. Nxc7+ Kd8 10. Nxa8 b6 11. d3 Nb4 12. Bg5 Qxg5 13. Qxe5 Bh6 14.
Qxh8+ Ne8 15. Kf1 Bb7 16. Nf3 Bxa8 17. Nxg5 Bxg5 18. Bf7 {Black resigns} 1-0

[Event "GambitGuide"]
[Site "Internet Chess Club"]
[Date "2014.10.31"]
[Round "1"]
[White "JSBach"]
[Black "riddick62"]
[Result "1-0"]
[ICCResult "Black resigns"]
[WhiteElo "1684"]
[BlackElo "1442"]
[Opening "Vienna: `Frankenstein-Dracula' variation"]
[ECO "C27"]
[NIC "VG.02"]
[Time "13:39:05"]
[TimeControl "120+12"]

1. e4 e5 2. Nc3 Nf6 3. Bc4 Nxe4 4. Qh5 Nd6 5. Bb3 Nc6 6. Nb5 g6 7. Qf3 f5 8.
Qd5 Qe7 9. Nxc7+ Kd8 10. Nxa8 b6 11. d3 Bg7 12. Ba4 Bb7 13. Nxb6 axb6 14.
Qb3 Nc8 15. Be3 f4 16. Bxb6+ Nxb6 17. Qxb6+ Kc8 18. a3 e4 19. Ne2 e3 20.
Bxc6 exf2+ 21. Kf1 dxc6 22. Kxf2 Re8 23. Nxf4 Bh6 24. Rae1 Qd7 25. Rxe8+
Qxe8 26. Qe3 Qd7 27. Re1 g5 28. Ne6 g4 29. Qxh6 {Black resigns} 1-0

[Event "GambitGuide"]
[Site "Internet Chess Club"]
[Date "2014.10.31"]
[Round "1"]
[White "JSBach"]
[Black "nsideurheadbro"]
[Result "1-0"]
[ICCResult "Black resigns"]
[WhiteElo "1684"]
[BlackElo "1184"]
[Opening "Vienna: `Frankenstein-Dracula' variation"]
[ECO "C27"]
[NIC "VG.02"]
[Time "13:39:20"]
[TimeControl "120+12"]

1. e4 e5 2. Nc3 Nf6 3. Bc4 Nxe4 4. Qh5 Nd6 5. Bb3 Nc6 6. Nb5 g6 7. Qf3 f5 8.
Qd5 Qe7 9. Nxc7+ Kd8 10. Nxa8 b6 11. d3 Bb7 12. Nxb6 axb6 13. Qf3 f4 14. Bd2
Nd4 15. Qg4 g5 16. Bb4 h5 17. Bxd6 Qxd6 18. Qxg5+ Be7 19. Qg7 Rf8 20. f3 h4
21. Rc1 Bf6 22. Qg6 h3 23. Kf1 hxg2+ 24. Kxg2 Nxf3 25. Nxf3 e4 26. dxe4 Rh8
27. Rhd1 Qc6 28. Bd5 Rg8 29. Qxg8+ {Black resigns} 1-0

[Event "GambitGuide"]
[Site "Internet Chess Club"]
[Date "2014.10.31"]
[Round "1"]
[White "JSBach"]
[Black "luckypawns"]
[Result "1-0"]
[ICCResult "Black checkmated"]
[WhiteElo "1684"]
[BlackElo "1815"]
[Opening "Vienna: `Frankenstein-Dracula' variation"]
[ECO "C27"]
[NIC "VG.02"]
[Time "13:37:24"]
[TimeControl "120+12"]

1. e4 e5 2. Nc3 Nf6 3. Bc4 Nxe4 4. Qh5 Nd6 5. Bb3 Nc6 6. Nb5 g6 7. Qf3 f5 8.
Qd5 Qe7 9. Nxc7+ Kd8 10. Nxa8 b6 11. d3 Bb7 12. Nxb6 axb6 13. Qf3 Nd4 14.
Qh3 Qf6 15. Be3 Bg7 16. Ne2 g5 17. Nc3 g4 18. Qh5 Bxg2 19. Bxd4 exd4 20. Rg1
Bf3 21. Nd1 Re8+ 22. Kf1 Qe5 23. Qg5+ Bf6 24. Qd2 Kc8 25. Rg3 Bg5 26. Ne3
dxe3 27. fxe3 Bxe3 28. d4 Qb5+ 29. Qd3 Qxd3+ 30. cxd3 Bxd4 31. Rc1+ Kb7 32.
Bd1 Bxd1 33. Rxd1 Bxb2 34. d4 Re4 35. d5 Bd4 36. Rc1 Bc5 37. h3 h5 38. Rb3
Kc7 39. Ra3 Nc4 40. Ra7+ Kd6 41. Kg2 Re2+ 42. Kf1 Rf2+ 43. Ke1 Rh2 44. Rxc4
Kxd5 45. Rc3 d6 46. hxg4 fxg4 47. Kd1 h4 48. Rh7 g3 49. Rh5+ Kd4 50. Rf3 g2
51. Rg5 Rh1+ 52. Kd2 g1=Q 53. Rf4# {Black checkmated} 1-0

[Event "GambitGuide"]
[Site "Internet Chess Club"]
[Date "2014.10.31"]
[Round "1"]
[White "JSBach"]
[Black "Paganini2"]
[Result "1-0"]
[ICCResult "Black resigns"]
[WhiteElo "1684"]
[BlackElo "1459"]
[Opening "Vienna: `Frankenstein-Dracula' variation"]
[ECO "C27"]
[NIC "VG.02"]
[Time "13:38:19"]
[TimeControl "120+12"]

1. e4 e5 2. Nc3 Nf6 3. Bc4 Nxe4 4. Qh5 Nd6 5. Bb3 Nc6 6. Nb5 g6 7. Qf3 f5 8.
Qd5 Qe7 9. Nxc7+ Kd8 10. Nxa8 b6 11. d3 Bb7 12. Nxb6 axb6 13. Qf3 e4 14. Qe3
exd3 15. cxd3 Qxe3+ 16. Bxe3 Bg7 17. Bxb6+ Kc8 18. Ne2 Re8 19. Rc1 Kb8 20.
Bc5 Nb5 21. Bf7 Re5 22. f4 Rxe2+ 23. Kxe2 Nbd4+ 24. Ke1 Ne6 25. Bxe6 dxe6
26. b4 Bd4 27. a4 Bxc5 28. bxc5 Kc7 29. Kf2 Nd4 30. Ke3 Nb3 31. Rc3 Na5 32.
Kf2 Nc6 33. Rb1 Ba6 34. Rb6 Bc8 35. Rcb3 h5 36. Rb2 h4 37. Kf3 Nd4+ 38. Ke3
Nc6 39. R2b3 Ne7 40. Kf3 Nd5 41. Rb8 Ne7 42. a5 Nc6 43. R8b6 Nxa5 44. R3b5
Nc6 45. Rb2 Nd4+ 46. Ke3 Nc6 47. d4 Ne7 48. Kf3 Nd5 49. Rb8 Ne7 50. R8b5 Nd5
51. Rb8 Ne7 52. R2b6 Nd5 53. Rb3 Ne7 54. Ke3 Nd5+ 55. Kf3 Ne7 56. R3b6 Nd5
57. Rb2 Ne7 58. R8b3 Nd5 59. Rb1 Ne7 60. Rb6 Nd5 61. Rb8 Ne7 62. R8b6 Nd5
63. Rb8 Ne7 64. R1b6 Nd5 65. Rb3 Ne7 66. R3b6 Nd5 67. Rxc8+ Kxc8 68. Rxe6
Kd7 69. Rd6+ Ke7 70. Rxd5 {Black resigns} 1-0

[Event "GambitGuide"]
[Site "Internet Chess Club"]
[Date "2014.10.31"]
[Round "1"]
[White "JSBach"]
[Black "KurtGruenberg"]
[Result "0-1"]
[ICCResult "White checkmated"]
[WhiteElo "1684"]
[BlackElo "1153"]
[Opening "Vienna: `Frankenstein-Dracula' variation"]
[ECO "C27"]
[NIC "VG.02"]
[Time "13:36:14"]
[TimeControl "120+12"]

1. e4 e5 2. Nc3 Nf6 3. Bc4 Nxe4 4. Qh5 Nd6 5. Bb3 Nc6 6. Nb5 g6 7. Qf3 f5 8.
Qd5 Qe7 9. Nxc7+ Kd8 10. Nxa8 b6 11. d3 Nb4 12. Qf3 Bb7 13. Qe3 Bxa8 14. Qg5
e4 15. Bd2 exd3+ 16. Qxe7+ Bxe7 17. Bxb4 Bxg2 18. Bc3 Re8 19. Ne2 Bxh1 20.
cxd3 Nb5 21. Bd2 a5 22. a4 Nc7 23. Bf7 Rf8 24. Bc4 Re8 25. Bf7 Rf8 26. Bc4
Re8 27. Bf7 Rf8 28. Bc4 d5 29. Bb3 Re8 30. Rc1 Bf3 31. Be3 Bxe2 32. Kxe2 Bc5
33. Kd2 Bxe3+ 34. fxe3 Kd7 35. Bc2 Ne6 36. Bb3 Kd6 37. h3 Nc5 38. Bd1 h5 39.
h4 Rf8 40. b3 f4 41. Bc2 fxe3+ 42. Kxe3 Ne6 43. Rg1 d4+ 44. Ke2 Nf4+ 45. Kd2
Re8 46. Bd1 Re3 47. Rf1 Ke5 48. Bc2 Re2+ 49. Kd1 Rh2 50. Rg1 Rxh4 51. Rg5+
Kf6 52. Rg1 Nd5 53. Kc1 Ne3 54. Bb1 Rf4 55. Kb2 g5 56. Rc1 h4 57. Rc6+ Kf5
58. Rxb6 h3 59. b4 axb4 60. a5 h2 61. Rh6 Rf2+ 62. Ka1 Ng4 63. Rh8 Rf1 64.
a6 h1=Q 65. Rxh1 Rxh1 66. a7 Rh8 67. Kb2 Ra8 68. Kb3 Rxa7 69. Kc4 Ne3+ 70.
Kxd4 Kf4 71. Kc5 Rb7 72. Kc6 Rb8 73. Kc7 Rb5 74. Kc6 Rb8 75. Kc7 Rg8 76. d4
g4 77. Ba2 Rg7+ 78. Kd6 g3 79. Be6 g2 80. Kc5 g1=Q 81. Kxb4 Qb1+ 82. Bb3
Rb7+ 83. Ka5 Qxb3 84. Ka6 Qb6# {White checkmated} 0-1

[Event "GambitGuide"]
[Site "Internet Chess Club"]
[Date "2014.10.31"]
[Round "1"]
[White "JSBach"]
[Black "JasonZ"]
[Result "0-1"]
[ICCResult "White checkmated"]
[WhiteElo "1684"]
[BlackElo "1219"]
[Opening "Vienna: `Frankenstein-Dracula' variation"]
[ECO "C27"]
[NIC "VG.02"]
[Time "13:38:51"]
[TimeControl "120+12"]

1. e4 e5 2. Nc3 Nf6 3. Bc4 Nxe4 4. Qh5 Nd6 5. Bb3 Nc6 6. Nb5 g6 7. Qf3 f5 8.
Qd5 Qe7 9. Nxc7+ Kd8 10. Nxa8 b6 11. d3 Bb7 12. Nxb6 axb6 13. Qf3 Na5 14.
Qg3 f4 15. Qg4 Qf6 16. Ba4 b5 17. Bd2 Nc6 18. Bb3 h5 19. Qh3 Nd4 20. Ba5+
Ke8 21. Bc7 g5 22. f3 N6f5 23. c3 Ne3 24. cxd4 exd4 25. a3 g4 26. fxg4 hxg4
27. Qxh8 Qxh8 28. Ne2 f3 29. gxf3 gxf3 30. Ng3 Qf6 31. Kf2 Bd6 32. Rac1 Bxc7
33. Rxc7 Bc6 34. Rc8+ Ke7 35. Re1 Kd6 36. Bg8 Bb7 37. Rcc1 Qg6 38. Ba2 Qxd3
39. Kg1 Qd2 40. Ne2 fxe2 41. Bf7 d3 42. h3 Qxc1 43. Rxc1 d2 44. Kf2 dxc1=Q
45. Kxe2 Qxb2+ 46. Kxe3 Qxa3+ 47. Kd2 Be4 48. h4 Qd3+ 49. Ke1 Qg3+ 50. Kd2
Qxh4 51. Bb3 Qf2+ 52. Kc3 Qe3+ 53. Kb2 Qd2+ 54. Ka3 Qa5+ 55. Kb2 Bd5 56. Kc2
Bxb3+ 57. Kxb3 Qa4+ 58. Kb2 Kc5 59. Kc1 Kd4 60. Kb2 Kc4 61. Kc1 Qa2 62. Kd1
Kd3 63. Kc1 Qc2# {White checkmated} 0-1

[Event "GambitGuide"]
[Site "Internet Chess Club"]
[Date "2014.10.31"]
[Round "1"]
[White "JSBach"]
[Black "Paganini2"]
[Result "1-0"]
[ICCResult "Black resigns"]
[WhiteElo "1684"]
[BlackElo "1459"]
[Opening "Vienna: `Frankenstein-Dracula' variation"]
[ECO "C27"]
[NIC "VG.02"]
[Time "13:42:00"]
[TimeControl "120+12"]

1. e4 e5 2. Nc3 Nf6 3. Bc4 Nxe4 4. Qh5 Nd6 5. Bb3 Nc6 6. Nb5 g6 7. Qf3 f5 8.
Qd5 Qe7 9. Nxc7+ Kd8 10. Nxa8 b6 11. d3 Bb7 12. Nxb6 axb6 13. Qf3 Nd4 14.
Qh3 f4 15. Ba4 b5 16. Bb3 e4 17. Kf1 Bg7 18. Bxf4 exd3 19. Re1 Qf6 20. Be5
Qxe5 21. Rxe5 Bxe5 22. Qxd3 Re8 23. f3 N4f5 24. c3 Ne3+ 25. Qxe3 Bxh2 26.
Qb6+ Kc8 27. Rxh2 {Black resigns} 1-0

[Event "GambitGuide"]
[Site "Internet Chess Club"]
[Date "2014.10.31"]
[Round "1"]
[White "JSBach"]
[Black "dartking"]
[Result "1-0"]
[ICCResult "Black resigns"]
[WhiteElo "1684"]
[BlackElo "1393"]
[Opening "Vienna: `Frankenstein-Dracula' variation"]
[ECO "C27"]
[NIC "VG.02"]
[Time "13:38:45"]
[TimeControl "120+12"]

1. e4 e5 2. Nc3 Nf6 3. Bc4 Nxe4 4. Qh5 Nd6 5. Bb3 Nc6 6. Nb5 g6 7. Qf3 f5 8.
Qd5 Qe7 9. Nxc7+ Kd8 10. Nxa8 b6 11. d3 Bb7 12. Nxb6 axb6 13. Qf3 Bg7 14.
Be3 Na5 15. Bxb6+ Ke8 16. Qg3 Nc6 17. Bd5 Qf6 18. a3 f4 19. Qg4 Nd4 20. Bxd4
Bxd5 21. Bc5 Nf5 22. b4 d6 23. Bb6 e4 24. Rd1 Kf7 25. Ne2 Re8 26. dxe4 Bxe4
27. c4 h5 28. Qh3 f3 29. gxf3 Bc2 30. Rc1 Rxe2+ 31. Kxe2 Qe5+ 32. Kf1 Qb2
33. Kg2 Bf6 34. Rhe1 Nh4+ 35. Kh1 Bf5 36. Qg3 Qxa3 37. Be3 Nxf3 38. Qxf3 Bg4
39. Qd5+ Kg7 40. Qb7+ Kg8 41. Qb8+ Kg7 42. Qxd6 Qa8+ 43. Kg1 Bh3 44. Qg3 Bg4
45. Qf4 g5 46. Qd6 Qf3 47. Qd2 Bh3 48. Qd5 Qg4+ 49. Kh1 {Black resigns} 1-0

[Event "GambitGuide"]
[Site "Internet Chess Club"]
[Date "2014.10.31"]
[Round "1"]
[White "JSBach"]
[Black "nsideurheadbro"]
[Result "1-0"]
[ICCResult "Black resigns"]
[WhiteElo "1684"]
[BlackElo "1184"]
[Opening "Vienna: `Frankenstein-Dracula' variation"]
[ECO "C27"]
[NIC "VG.02"]
[Time "13:41:41"]
[TimeControl "120+12"]

1. e4 e5 2. Nc3 Nf6 3. Bc4 Nxe4 4. Qh5 Nd6 5. Bb3 Nc6 6. Nb5 g6 7. Qf3 f5 8.
Qd5 Qe7 9. Nxc7+ Kd8 10. Nxa8 b6 11. d3 Bb7 12. Nxb6 axb6 13. Qf3 f4 14. Bd2
g5 15. Bc3 h5 16. Bd5 g4 17. Qe2 Nd4 18. Bxd4 Bxd5 19. Bxb6+ Kc8 20. Kf1 Bg7
21. c4 f3 22. gxf3 gxf3 23. Nxf3 Bb7 24. Rg1 Rf8 25. Ng5 Bf6 26. Qxh5 Nf5
27. Nh7 Rh8 28. Nxf6 Rxh5 29. Rg8+ {Black resigns} 1-0

[Event "GambitGuide"]
[Site "Internet Chess Club"]
[Date "2014.10.31"]
[Round "1"]
[White "JSBach"]
[Black "thumbs"]
[Result "1-0"]
[ICCResult "Black checkmated"]
[WhiteElo "1684"]
[BlackElo "1242"]
[Opening "Vienna: `Frankenstein-Dracula' variation"]
[ECO "C27"]
[NIC "VG.02"]
[Time "13:43:08"]
[TimeControl "120+12"]

1. e4 e5 2. Nc3 Nf6 3. Bc4 Nxe4 4. Qh5 Nd6 5. Bb3 Nc6 6. Nb5 g6 7. Qf3 f5 8.
Qd5 Qe7 9. Nxc7+ Kd8 10. Nxa8 b6 11. d3 Nb4 12. Bg5 Qxg5 13. Qxe5 Nxc2+ 14.
Bxc2 Bb7 15. Qxh8 Bxa8 16. Qxf8+ Kc7 17. Qxa8 Nb5 18. a4 Nc3 19. Qxa7+ Kc6
20. Qa8+ Kd6 21. bxc3 Ke6 22. Rb1 Ke7 23. Qb7 Ke8 24. Ne2 Qc1+ 25. Nxc1 Kd8
26. Qxb6+ Ke7 27. a5 Ke8 28. Qf6 d6 29. Ba4# {Black checkmated} 1-0

[Event "GambitGuide"]
[Site "Internet Chess Club"]
[Date "2014.10.31"]
[Round "1"]
[White "JSBach"]
[Black "luckypawns"]
[Result "1-0"]
[ICCResult "Black checkmated"]
[WhiteElo "1684"]
[BlackElo "1815"]
[Opening "Vienna: `Frankenstein-Dracula' variation"]
[ECO "C27"]
[NIC "VG.02"]
[Time "13:41:48"]
[TimeControl "120+12"]

1. e4 e5 2. Nc3 Nf6 3. Bc4 Nxe4 4. Qh5 Nd6 5. Bb3 Nc6 6. Nb5 g6 7. Qf3 f5 8.
Qd5 Qe7 9. Nxc7+ Kd8 10. Nxa8 b6 11. d3 Bb7 12. Nxb6 axb6 13. Qf3 Nd4 14.
Qh3 Qf6 15. Be3 Bg7 16. Ne2 g5 17. Bxd4 exd4 18. O-O h5 19. Rae1 g4 20. Qg3
h4 21. Qf4 Bh6 22. Qxd4 Qxd4 23. Nxd4 h3 24. gxh3 gxh3 25. Rb1 Rh7 26. Rfe1
Bg2 27. c4 Rg7 28. Bc2 Bd2 29. Re5 Bf3+ 30. Kf1 Bg2+ 31. Ke2 Bf4 32. Rxf5
Nxf5 33. Nxf5 Rf7 34. d4 Bxh2 35. Re1 Bc7 36. c5 bxc5 37. Rg1 h2 38. Rxg2
h1=Q 39. Rg8+ Rf8 40. Rxf8# {Black checkmated} 1-0

[Event "GambitGuide"]
[Site "Internet Chess Club"]
[Date "2014.10.31"]
[Round "1"]
[White "JSBach"]
[Black "Fifo25"]
[Result "0-1"]
[ICCResult "White checkmated"]
[WhiteElo "1684"]
[BlackElo "1509"]
[Opening "Vienna: `Frankenstein-Dracula' variation"]
[ECO "C27"]
[NIC "VG.02"]
[Time "13:39:55"]
[TimeControl "120+12"]

1. e4 e5 2. Nc3 Nf6 3. Bc4 Nxe4 4. Qh5 Nd6 5. Bb3 Nc6 6. Nb5 g6 7. Qf3 f5 8.
Qd5 Qe7 9. Nxc7+ Kd8 10. Nxa8 b6 11. d3 Bb7 12. Nxb6 axb6 13. Qf3 Nd4 14.
Qg3 f4 15. Qg4 N6f5 16. Ne2 Nxe2 17. Kxe2 Nd4+ 18. Ke1 g5 19. Rf1 h5 20. Qd1
Bxg2 21. h3 e4 22. Kd2 e3+ 23. Ke1 Bf3 24. c3 Bxd1 25. Bxd1 e2 26. cxd4
exf1=Q+ 27. Kxf1 g4 28. hxg4 hxg4 29. Bxf4 Rh1+ 30. Kg2 Qe1 31. Bg5+ Ke8 32.
Kg3 Qg1+ 33. Kf4 Bd6+ 34. Ke4 Qg2+ 35. Ke3 Re1+ 36. Kd2 Qxf2+ 37. Kc3 Bb4+
38. Kb3 Bd2 39. d5 Bxg5 40. Rb1 Qd4 41. Bc2 Rxb1 42. Bxb1 Bf6 43. Kc2 Qxb2+
44. Kd1 Bc3 45. Bc2 Qa1+ 46. Bb1 Qxb1+ 47. Ke2 Qe1# {White checkmated} 0-1

[Event "GambitGuide"]
[Site "Internet Chess Club"]
[Date "2014.10.31"]
[Round "1"]
[White "JSBach"]
[Black "luckypawns"]
[Result "0-1"]
[ICCResult "White checkmated"]
[WhiteElo "1684"]
[BlackElo "1815"]
[Opening "Vienna: `Frankenstein-Dracula' variation"]
[ECO "C27"]
[NIC "VG.02"]
[Time "13:44:52"]
[TimeControl "120+12"]

1. e4 e5 2. Nc3 Nf6 3. Bc4 Nxe4 4. Qh5 Nd6 5. Bb3 Nc6 6. Nb5 g6 7. Qf3 f5 8.
Qd5 Qe7 9. Nxc7+ Kd8 10. Nxa8 b6 11. d3 Bb7 12. Nxb6 axb6 13. Qf3 Nd4 14.
Qh3 Qf6 15. Be3 Bg7 16. Ne2 g5 17. Nxd4 exd4 18. Bd2 h5 19. O-O g4 20. Qg3
h4 21. Qf4 Bh6 22. Qxh6 Rxh6 23. Bxh6 Qxh6 24. Rfe1 Qf4 25. a3 h3 26. gxh3
gxh3 27. Kf1 Bf3 28. Ba4 Qxh2 29. Re8+ Nxe8 30. Ke1 Qg1+ 31. Kd2 Qxa1 32. c3
Qa2 33. Kc2 Bd1+ 34. Kxd1 Qxb2 35. Bxd7 Kxd7 36. cxd4 Qxd4 37. Ke2 h2 38. a4
h1=Q 39. Kd2 Qh6+ 40. Ke2 Qh5+ 41. Kd2 Qxf2+ 42. Kc3 Qc5+ 43. Kb3 Qf7+ 44.
Kb2 Qb4+ 45. Kc1 Qc3+ 46. Kd1 Qh5# {White checkmated} 0-1

[Event "GambitGuide"]
[Site "Internet Chess Club"]
[Date "2014.10.31"]
[Round "1"]
[White "JSBach"]
[Black "robbe"]
[Result "1-0"]
[ICCResult "Black resigns"]
[WhiteElo "1684"]
[BlackElo "1327"]
[Opening "Vienna: `Frankenstein-Dracula' variation"]
[ECO "C27"]
[NIC "VG.02"]
[Time "13:44:08"]
[TimeControl "120+12"]

1. e4 e5 2. Nc3 Nf6 3. Bc4 Nxe4 4. Qh5 Nd6 5. Bb3 Nc6 6. Nb5 g6 7. Qf3 f5 8.
Qd5 Qe7 9. Nxc7+ Kd8 10. Nxa8 b6 11. d3 Bb7 12. Nxb6 axb6 13. Qf3 Nd4 14.
Qg3 Nxb3 15. axb3 Bg7 16. Be3 Kc7 17. Bg5 Qe6 18. Ra7 Ra8 19. Rxa8 Bxa8 20.
Qh3 h6 21. Be3 g5 22. Ne2 f4 23. Qxe6 dxe6 24. Bd2 Bxg2 25. Rg1 Bf3 26. Bc3
Kc6 27. Nxf4 exf4 28. Bxg7 Nf7 29. b4 Kd5 30. c4+ Kc6 31. b5+ Kc5 32. Bf6
Kb4 33. Bd4 e5 34. Bxb6 Kb3 35. c5 Kxb2 36. c6 Kc3 37. c7 Nd6 38. Bc5 Nc8
39. b6 {Black resigns} 1-0

[Event "GambitGuide"]
[Site "Internet Chess Club"]
[Date "2014.10.31"]
[Round "1"]
[White "JSBach"]
[Black "luckypawns"]
[Result "1-0"]
[ICCResult "Black resigns"]
[WhiteElo "1684"]
[BlackElo "1815"]
[Opening "Vienna: `Frankenstein-Dracula' variation"]
[ECO "C27"]
[NIC "VG.02"]
[Time "13:47:11"]
[TimeControl "120+12"]

1. e4 e5 2. Nc3 Nf6 3. Bc4 Nxe4 4. Qh5 Nd6 5. Bb3 Nc6 6. Nb5 g6 7. Qf3 f5 8.
Qd5 Qe7 9. Nxc7+ Kd8 10. Nxa8 b6 11. d3 Bb7 12. Nxb6 axb6 13. Qf3 Nd4 14.
Qg3 Qf6 15. Bg5 {Black resigns} 1-0

[Event "GambitGuide"]
[Site "Internet Chess Club"]
[Date "2014.10.31"]
[Round "1"]
[White "JSBach"]
[Black "Paganini2"]
[Result "1-0"]
[ICCResult "Black resigns"]
[WhiteElo "1684"]
[BlackElo "1459"]
[Opening "Vienna: `Frankenstein-Dracula' variation"]
[ECO "C27"]
[NIC "VG.02"]
[Time "13:44:32"]
[TimeControl "120+12"]

1. e4 e5 2. Nc3 Nf6 3. Bc4 Nxe4 4. Qh5 Nd6 5. Bb3 Nc6 6. Nb5 g6 7. Qf3 f5 8.
Qd5 Qe7 9. Nxc7+ Kd8 10. Nxa8 b6 11. d3 Bb7 12. Nxb6 axb6 13. Qf3 g5 14. Qe3
f4 15. Qxb6+ Kc8 16. Bd5 Qd8 17. Qc5 Nf5 18. Qb5 Nfd4 19. Qc4 Bd6 20. Bd2
Bc7 21. a4 Ne7 22. Bxb7+ Kxb7 23. Bb4 Nec6 24. Bd2 d5 25. Qc5 Bb6 26. Qc3
Qd6 27. b4 Rc8 28. Rc1 Na7 29. Qb2 e4 30. a5 exd3 31. axb6 Nab5 32. cxd3
Rxc1+ 33. Bxc1 Qe5+ 34. Ne2 Nxe2 35. Qxe5 {Black resigns} 1-0

[Event "GambitGuide"]
[Site "Internet Chess Club"]
[Date "2014.10.31"]
[Round "1"]
[White "JSBach"]
[Black "thumbs"]
[Result "1-0"]
[ICCResult "Black checkmated"]
[WhiteElo "1671"]
[BlackElo "1242"]
[Opening "Vienna: `Frankenstein-Dracula' variation"]
[ECO "C27"]
[NIC "VG.02"]
[Time "13:46:40"]
[TimeControl "120+12"]

1. e4 e5 2. Nc3 Nf6 3. Bc4 Nxe4 4. Qh5 Nd6 5. Bb3 Nc6 6. Nb5 g6 7. Qf3 f5 8.
Qd5 Qe7 9. Nxc7+ Kd8 10. Nxa8 b6 11. d3 Nb4 12. Bg5 Qxg5 13. Qxe5 Rg8 14.
Nxb6 axb6 15. Kf1 Bb7 16. Nf3 Qg4 17. Bxg8 Qxg2+ 18. Kxg2 Ne4 19. Qb8+ Ke7
20. Qxb7 Kf6 21. dxe4 Kg7 22. Bd5 Kf6 23. Qxb6+ Ke7 24. Qxb4+ Kd8 25. Qxf8+
Kc7 26. exf5 Kb6 27. Qd6+ Kb5 28. a4+ Ka5 29. b4# {Black checkmated} 1-0

[Event "GambitGuide"]
[Site "Internet Chess Club"]
[Date "2014.10.31"]
[Round "1"]
[White "JSBach"]
[Black "luckypawns"]
[Result "1-0"]
[ICCResult "Black resigns"]
[WhiteElo "1660"]
[BlackElo "1815"]
[Opening "Vienna: `Frankenstein-Dracula' variation"]
[ECO "C27"]
[NIC "VG.02"]
[Time "13:47:24"]
[TimeControl "120+12"]

1. e4 e5 2. Nc3 Nf6 3. Bc4 Nxe4 4. Qh5 Nd6 5. Bb3 Nc6 6. Nb5 g6 7. Qf3 f5 8.
Qd5 Qe7 9. Nxc7+ Kd8 10. Nxa8 b6 11. d3 Bb7 12. Nxb6 axb6 13. Qf3 Nd4 14.
Qh3 Qf6 15. Be3 Bg7 16. c3 Nc6 17. Bxb6+ Ke7 18. Nf3 g5 19. Qh5 Nc8 20. Bc7
h6 21. Bd5 Rf8 22. O-O-O Na5 23. Bxe5 Qb6 24. Bxg7 Bxd5 25. Rde1+ Be6 26.
Bxf8+ Kxf8 27. Qxh6+ Ke7 28. Nxg5 Qxf2 29. Nxe6 dxe6 30. Qxe6+ {Black
resigns} 1-0

[Event "GambitGuide"]
[Site "Internet Chess Club"]
[Date "2014.10.31"]
[Round "1"]
[White "JSBach"]
[Black "thumbs"]
[Result "1-0"]
[ICCResult "Black checkmated"]
[WhiteElo "1660"]
[BlackElo "1242"]
[Opening "Vienna: `Frankenstein-Dracula' variation"]
[ECO "C27"]
[NIC "VG.02"]
[Time "13:49:32"]
[TimeControl "120+12"]

1. e4 e5 2. Nc3 Nf6 3. Bc4 Nxe4 4. Qh5 Nd6 5. Bb3 Nc6 6. Nb5 g6 7. Qf3 f5 8.
Qd5 Qe7 9. Nxc7+ Kd8 10. Nxa8 b6 11. d3 Nb4 12. Qf3 Bb7 13. Qg3 Bxa8 14. Bg5
Qxg5 15. Qxg5+ Be7 16. Qg3 Bf6 17. Nf3 e4 18. Qxd6 Be5 19. Nxe5 Bb7 20.
Qxd7# {Black checkmated} 1-0

[Event "GambitGuide"]
[Site "Internet Chess Club"]
[Date "2014.10.31"]
[Round "1"]
[White "JSBach"]
[Black "AngryWhopper"]
[Result "1-0"]
[ICCResult "Black resigns"]
[WhiteElo "1660"]
[BlackElo "2116"]
[Opening "Vienna: `Frankenstein-Dracula' variation"]
[ECO "C27"]
[NIC "VG.02"]
[Time "13:46:30"]
[TimeControl "120+12"]

1. e4 e5 2. Nc3 Nf6 3. Bc4 Nxe4 4. Qh5 Nd6 5. Bb3 Nc6 6. Nb5 g6 7. Qf3 f5 8.
Qd5 Qe7 9. Nxc7+ Kd8 10. Nxa8 b6 11. d3 Bb7 12. Nxb6 axb6 13. Qf3 Nd4 14.
Qh3 e4 15. Be3 exd3 16. O-O-O Nxb3+ 17. cxb3 Bg7 18. Bxb6+ Ke8 19. Rxd3 Be4
20. Re3 Qe5 21. Re2 Qd5 22. Qe3 Kf7 23. Rd2 Rc8+ 24. Kd1 Qc6 25. f3 Qc1+ 26.
Ke2 Bxb2 27. fxe4 Re8 28. Rxd6 Rxe4 29. Rxd7+ Ke6 30. Rxh7 Qc2+ 31. Kf3
Rxe3+ 32. Bxe3 Qe4+ 33. Kf2 f4 34. Bb6 Qc2+ 35. Ne2 Kf5 36. Rf7+ Kg5 37.
Rxf4 {Black resigns} 1-0

[Event "GambitGuide"]
[Site "Internet Chess Club"]
[Date "2014.10.31"]
[Round "1"]
[White "JSBach"]
[Black "thumbs"]
[Result "1-0"]
[ICCResult "Black checkmated"]
[WhiteElo "1660"]
[BlackElo "1242"]
[Opening "Vienna: `Frankenstein-Dracula' variation"]
[ECO "C27"]
[NIC "VG.02"]
[Time "13:50:26"]
[TimeControl "120+12"]

1. e4 e5 2. Nc3 Nf6 3. Bc4 Nxe4 4. Qh5 Nd6 5. Bb3 Nc6 6. Nb5 g6 7. Qf3 f5 8.
Qd5 Qe7 9. Nxc7+ Kd8 10. Nxa8 b6 11. d3 Nb4 12. Bg5 Qxg5 13. Qxe5 Bb7 14.
Qxh8 Qf6 15. Qxf6+ Kc8 16. Qxf8+ Ne8 17. Qxe8# {Black checkmated} 1-0

[Event "GambitGuide"]
[Site "Internet Chess Club"]
[Date "2014.10.31"]
[Round "1"]
[White "JSBach"]
[Black "luckypawns"]
[Result "1-0"]
[ICCResult "Black resigns"]
[WhiteElo "1660"]
[BlackElo "1815"]
[Opening "Vienna: `Frankenstein-Dracula' variation"]
[ECO "C27"]
[NIC "VG.02"]
[Time "13:49:19"]
[TimeControl "120+12"]

1. e4 e5 2. Nc3 Nf6 3. Bc4 Nxe4 4. Qh5 Nd6 5. Bb3 Nc6 6. Nb5 g6 7. Qf3 f5 8.
Qd5 Qe7 9. Nxc7+ Kd8 10. Nxa8 b6 11. d3 Bb7 12. Nxb6 axb6 13. Qf3 Nd4 14.
Qh3 Qf6 15. Be3 Bg7 16. Ne2 h5 17. c3 Ne6 18. Bxb6+ Ke7 19. d4 exd4 20. Bxe6
dxe6 21. Bxd4 Qf7 22. Bxg7 Qxg7 23. Rd1 Rd8 24. Qg3 e5 25. O-O Qf6 26. f4 e4
27. Qe3 Ba6 28. Qa7+ Rd7 29. Qxa6 g5 30. fxg5 Qxg5 31. Qc6 Qe3+ 32. Rf2 Ke6
33. Nf4+ Ke5 34. Qxd7 {Black resigns} 1-0

[Event "GambitGuide"]
[Site "Internet Chess Club"]
[Date "2014.10.31"]
[Round "1"]
[White "JSBach"]
[Black "nsideurheadbro"]
[Result "1-0"]
[ICCResult "Black resigns"]
[WhiteElo "1660"]
[BlackElo "1184"]
[Opening "Vienna: `Frankenstein-Dracula' variation"]
[ECO "C27"]
[NIC "VG.02"]
[Time "13:44:39"]
[TimeControl "120+12"]

1. e4 e5 2. Nc3 Nf6 3. Bc4 Nxe4 4. Qh5 Nd6 5. Bb3 Nc6 6. Nb5 g6 7. Qf3 f5 8.
Qd5 Qe7 9. Nxc7+ Kd8 10. Nxa8 b6 11. d3 Bb7 12. Nxb6 axb6 13. Qf3 Nd4 14.
Qg3 f4 15. Qg4 g5 16. Ba4 h5 17. Qd1 g4 18. Kf1 Bh6 19. c3 Ne6 20. Qb3 Kc7
21. Qb4 Qf7 22. a3 Nc5 23. d4 exd4 24. Qxd4 Re8 25. Bd1 Ba6+ 26. c4 Bxc4+
27. Be2 f3 28. Bxc4 fxg2+ 29. Kxg2 Nxc4 30. Bxh6 Re4 31. Qg7 Qd5 32. Kg3
Qd3+ 33. Kg2 Ne6 34. Qf6 h4 35. Qxh4 Nf4+ 36. Bxf4+ Rxf4 37. Rc1 Kb7 38. Qd8
Ne3+ 39. Kg3 Nd5+ 40. f3 Rxf3+ 41. Nxf3 Qxf3+ 42. Kh4 Qh3+ 43. Kg5 Qe3+ 44.
Kxg4 Qf4+ 45. Kh3 Qf5+ 46. Kg3 Qf4+ 47. Kh3 Qf3+ 48. Kh4 Qf4+ 49. Kh5 Nf6+
50. Kg6 Nd5 51. Qc8+ Ka7 52. Qxd7+ Ka6 53. Qxd5 Qg4+ 54. Kf6 Qf4+ 55. Ke7
Qg5+ 56. Qxg5 {Black resigns} 1-0